[ AOE2 MATCH · #478479118 ]
UnrankedHindustanis vs Burgundians
[ REPLAY ANALYSIS · EXTRACTED FROM THE RECORDED GAME ]
Feudal
14:05
Castle
29:43
Imperial
43:25
| APM avg | 30.8 |
| APM peak | 62 |
| eAPM avg | 15.8 |
| Villagers / military | 74 / 78 |
Focus
⚔️ 28.7% · 🌾 71.3%
Camel Scout ×23 · Ghulam ×21 · Archer ×18 · Fishing Ship ×12 · Armored Elephant ×11 · Demolition Raft ×5
Feudal
15:45
Castle
20:54
Imperial
—
| APM avg | 25.2 |
| APM peak | 57 |
| eAPM avg | 12.5 |
| Villagers / military | 63 / 41 |
Focus
⚔️ 28.7% · 🌾 71.3%
Archer ×33 · Fishing Ship ×18 · Spearman ×8 · Unknown (2626) ×6
Feudal
15:34
Castle
20:05
Imperial
—
| APM avg | 30.8 |
| APM peak | 69 |
| eAPM avg | 12.2 |
| Villagers / military | 94 / 56 |
Focus
⚔️ 25.7% · 🌾 74.3%
Conquistador ×28 · Spearman ×15 · Skirmisher ×8 · Fishing Ship ×5 · Battering Ram ×5
Feudal
14:08
Castle
17:47
Imperial
32:03
| APM avg | 32.6 |
| APM peak | 80 |
| eAPM avg | 15.1 |
| Villagers / military | 102 / 91 |
Focus
⚔️ 31.6% · 🌾 68.4%
Monaspa ×71 · Fishing Ship ×11 · Scorpion ×9 · Scout Cavalry ×8 · Trebuchet (Packed) ×3
Feudal
12:44
Castle
21:26
Imperial
37:25
| APM avg | 27.6 |
| APM peak | 104 |
| eAPM avg | 13.5 |
| Villagers / military | 68 / 127 |
Focus
⚔️ 31.4% · 🌾 68.6%
Spearman ×99 · Fishing Ship ×28 · Militia ×8 · Battering Ram ×6 · Mangonel ×5 · War Elephant ×5
Feudal
14:30
Castle
—
Imperial
—
| APM avg | 17.4 |
| APM peak | 71 |
| eAPM avg | 7.0 |
| Villagers / military | 38 / 3 |
Focus
⚔️ 9.6% · 🌾 90.4%
Fishing Ship ×4 · Skirmisher ×2 · Spearman ×1
Match map
Initial resources + every placement click. Lines = walls · curves = elevation contours. ◆ gold · ⬟ stone · ● berries · ✦ relic · ◌ wall gap
Your base· Open — 8t gap
LGee's base· Open — unwalled flank
davidsintana96's base· Open — 13t gap
Carleo_Intestin's base· Open — 12t gap
basstimusic's base· Open — unwalled flank
风中独骑's base· Open — 8t gap
Smoothed initial terrain · ◌ = detected wall gap · hover for details
Inputs per minute
— heusmeus - - LGee
Build order — heusmeus
First 150 of 288 actions detected
| 0:38 | Build | Town Center |
| 1:45 | Build | Dock |
| 1:48 | Build | House |
| 3:16 | Create | Villager (Male) |
| 3:17 | Create | Villager (Male) |
| 3:17 | Create | Villager (Male) |
| 3:17 | Create | Villager (Male) |
| 4:16 | Create | Fishing Ship |
| 4:39 | Create | Villager (Male) |
| 5:18 | Build | House |
| 5:28 | Build | House |
| 5:46 | Create | Villager (Male) |
| 6:06 | Research | Loom |
| 6:43 | Create | Fishing Ship |
| 6:44 | Create | Fishing Ship |
| 6:47 | Create | Villager (Male) |
| 7:46 | Create | Villager (Male) |
| 8:12 | Create | Villager (Male) |
| 8:13 | Create | Villager (Male) |
| 8:13 | Create | Villager (Male) |
| 8:14 | Create | Villager (Male) |
| 8:38 | Create | Villager (Male) |
| 9:08 | Create | Villager (Male) |
| 9:15 | Create | Fishing Ship |
| 9:58 | Create | Fishing Ship |
| 10:10 | Build | House |
| 10:17 | Build | House |
| 10:18 | Create | Villager (Male) |
| 10:37 | Create | Fishing Ship |
| 10:57 | Build | House |
| 11:01 | Create | Villager (Male) |
| 11:33 | Build | Lumber Camp |
| 11:52 | Build | Mining Camp |
| 11:55 | Research | Feudal Age |
| 12:40 | Build | House |
| 12:41 | Build | Palisade Wall |
| 12:54 | Build | Barracks |
| 13:05 | Build | Palisade Gate |
| 13:13 | Build | Barracks |
| 13:23 | Build | Palisade Gate |
| 13:27 | Create | Villager (Male) |
| 13:29 | Create | Villager (Male) |
| 13:40 | Build | Palisade Gate |
| 13:43 | Build | Palisade Wall |
| 14:05 | Age | Feudal Age |
| 14:13 | Build | Archery Range |
| 14:26 | Build | House |
| 14:48 | Create | Archer |
| 14:48 | Create | Archer |
| 14:48 | Create | Archer |
| 14:49 | Create | Archer |
| 15:10 | Build | Outpost |
| 15:29 | Build | Blacksmith |
| 15:33 | Create | Villager (Male) |
| 15:34 | Create | Demolition Raft |
| 15:39 | Create | Archer |
| 15:40 | Create | Archer |
| 16:48 | Create | Villager (Male) |
| 16:48 | Create | Villager (Male) |
| 16:49 | Create | Demolition Raft |
| 16:49 | Create | Demolition Raft |
| 16:58 | Create | Archer |
| 16:59 | Create | Archer |
| 17:11 | Research | Fletching |
| 17:18 | Build | House |
| 17:24 | Build | Archery Range |
| 17:42 | Create | Villager (Male) |
| 17:42 | Create | Villager (Male) |
| 17:44 | Create | Archer |
| 17:44 | Create | Archer |
| 18:30 | Create | Villager (Male) |
| 18:30 | Create | Villager (Male) |
| 18:33 | Create | Archer |
| 18:34 | Create | Archer |
| 18:34 | Create | Archer |
| 18:34 | Create | Archer |
| 18:45 | Build | Palisade Wall |
| 18:47 | Build | Palisade Wall |
| 19:01 | Create | Villager (Male) |
| 19:01 | Create | Villager (Male) |
| 19:14 | Build | Dock |
| 19:26 | Build | Mining Camp |
| 19:42 | Build | Palisade Gate |
| 19:51 | Build | House |
| 20:20 | Create | Archer |
| 20:20 | Create | Archer |
| 20:20 | Create | Archer |
| 20:21 | Create | Archer |
| 21:52 | Create | Villager (Male) |
| 21:52 | Create | Villager (Male) |
| 21:52 | Create | Villager (Male) |
| 21:53 | Create | Villager (Male) |
| 21:53 | Create | Villager (Male) |
| 21:53 | Create | Villager (Male) |
| 22:00 | Build | Mill |
| 22:04 | Create | Demolition Raft |
| 22:04 | Create | Demolition Raft |
| 22:11 | Build | House |
| 22:12 | Build | House |
| 22:12 | Build | House |
| 22:13 | Build | House |
| 22:43 | Build | Lumber Camp |
| 22:51 | Research | Tech 906 |
| 23:01 | Create | Fishing Ship |
| 23:03 | Create | Fishing Ship |
| 23:03 | Create | Fishing Ship |
| 23:04 | Create | Fishing Ship |
| 23:08 | Create | Fishing Ship |
| 23:08 | Create | Fishing Ship |
| 23:52 | Build | Market |
| 23:56 | Research | Double-Bit Axe |
| 24:28 | Build | Farm |
| 24:31 | Research | Horse Collar |
| 24:38 | Build | Farm |
| 24:39 | Build | Farm |
| 24:41 | Build | Farm |
| 24:42 | Build | Farm |
| 24:44 | Build | Farm |
| 24:55 | Create | Villager (Male) |
| 24:56 | Create | Villager (Male) |
| 25:09 | Build | Dock |
| 25:13 | Build | House |
| 25:49 | Build | Gate |
| 25:53 | Build | Stone Wall |
| 25:56 | Create | Villager (Male) |
| 25:56 | Create | Villager (Male) |
| 27:03 | Research | Castle Age |
| 27:38 | Build | Stone Wall |
| 27:45 | Build | Gate |
| 28:35 | Build | Farm |
| 28:36 | Build | Farm |
| 29:11 | Build | Mill |
| 29:12 | Build | Farm |
| 29:12 | Build | Farm |
| 29:12 | Build | Farm |
| 29:13 | Build | Farm |
| 29:13 | Build | Farm |
| 29:13 | Build | Farm |
| 29:14 | Build | Farm |
| 29:14 | Build | Farm |
| 29:43 | Age | Castle Age |
| 29:47 | Build | Castle |
| 29:56 | Create | Villager (Male) |
| 29:57 | Research | Wheelbarrow |
| 30:01 | Research | Forging |
| 30:02 | Research | Scale Barding Armor |
| 30:17 | Create | Villager (Male) |
| 30:17 | Create | Villager (Male) |
| 30:27 | Build | Stable |
| 30:46 | Build | Siege Workshop |
Build order — LGee
First 150 of 205 actions detected
| 0:35 | Build | Town Center |
| 2:20 | Build | House |
| 2:27 | Build | House |
| 2:45 | Create | Villager (Male) |
| 2:46 | Create | Villager (Male) |
| 2:46 | Create | Villager (Male) |
| 2:46 | Create | Villager (Male) |
| 3:18 | Research | Loom |
| 4:39 | Create | Villager (Male) |
| 5:05 | Create | Villager (Male) |
| 5:05 | Create | Villager (Male) |
| 5:34 | Create | Villager (Male) |
| 6:17 | Create | Villager (Male) |
| 6:47 | Create | Villager (Male) |
| 7:07 | Build | Dock |
| 7:16 | Build | House |
| 7:34 | Create | Villager (Male) |
| 7:43 | Create | Fishing Ship |
| 7:48 | Build | House |
| 7:52 | Create | Fishing Ship |
| 8:37 | Create | Villager (Male) |
| 8:37 | Create | Villager (Male) |
| 8:50 | Create | Fishing Ship |
| 8:59 | Build | Dock |
| 9:16 | Create | Fishing Ship |
| 9:38 | Create | Fishing Ship |
| 9:46 | Create | Villager (Male) |
| 10:10 | Create | Villager (Male) |
| 10:16 | Create | Fishing Ship |
| 10:22 | Create | Fishing Ship |
| 10:49 | Create | Villager (Male) |
| 10:50 | Create | Villager (Male) |
| 10:55 | Create | Fishing Ship |
| 11:04 | Build | House |
| 11:16 | Create | Fishing Ship |
| 11:21 | Create | Fishing Ship |
| 11:25 | Create | Villager (Male) |
| 11:25 | Create | Villager (Male) |
| 11:42 | Build | House |
| 11:57 | Create | Fishing Ship |
| 12:13 | Create | Fishing Ship |
| 12:16 | Create | Villager (Male) |
| 12:16 | Create | Villager (Male) |
| 12:53 | Build | Mining Camp |
| 13:13 | Build | Lumber Camp |
| 13:31 | Research | Feudal Age |
| 13:46 | Build | House |
| 13:49 | Create | Fishing Ship |
| 13:57 | Create | Fishing Ship |
| 14:04 | Build | House |
| 14:43 | Create | Fishing Ship |
| 14:46 | Create | Fishing Ship |
| 15:04 | Build | Dock |
| 15:33 | Create | Fishing Ship |
| 15:35 | Create | Fishing Ship |
| 15:45 | Age | Feudal Age |
| 15:49 | Create | Villager (Male) |
| 15:50 | Create | Villager (Male) |
| 16:21 | Build | Blacksmith |
| 16:33 | Build | Mill |
| 16:35 | Create | Villager (Male) |
| 16:35 | Create | Villager (Male) |
| 17:23 | Build | Market |
| 17:28 | Create | Villager (Male) |
| 17:46 | Build | Mining Camp |
| 18:14 | Research | Castle Age |
| 19:05 | Build | Barracks |
| 19:21 | Research | Double-Bit Axe |
| 19:40 | Build | Watch Tower |
| 19:44 | Build | Archery Range |
| 20:05 | Build | Watch Tower |
| 20:26 | Build | Watch Tower |
| 20:33 | Research | Fletching |
| 20:54 | Age | Castle Age |
| 21:13 | Research | Crossbowman (upgrade) |
| 21:35 | Build | Watch Tower |
| 21:39 | Create | Villager (Male) |
| 21:52 | Create | Archer |
| 21:52 | Create | Archer |
| 22:35 | Build | House |
| 22:48 | Build | Town Center |
| 23:06 | Create | Villager (Male) |
| 23:24 | Build | Lumber Camp |
| 24:03 | Create | Villager (Male) |
| 24:03 | Create | Villager (Male) |
| 24:37 | Build | University |
| 24:45 | Create | Villager (Male) |
| 24:46 | Create | Villager (Male) |
| 24:46 | Create | Villager (Male) |
| 24:47 | Create | Villager (Male) |
| 25:27 | Create | Villager (Male) |
| 25:44 | Research | Ballistics |
| 26:30 | Research | Bodkin Arrow |
| 26:32 | Create | Villager (Male) |
| 26:32 | Create | Villager (Male) |
| 26:46 | Create | Archer |
| 26:46 | Create | Archer |
| 26:46 | Create | Archer |
| 26:46 | Create | Archer |
| 26:47 | Create | Archer |
| 26:54 | Research | Murder Holes |
| 26:59 | Build | House |
| 27:02 | Build | House |
| 27:03 | Build | House |
| 27:03 | Build | House |
| 27:04 | Build | House |
| 27:20 | Build | Watch Tower |
| 27:48 | Build | Watch Tower |
| 27:56 | Build | Watch Tower |
| 28:32 | Create | Villager (Male) |
| 28:32 | Create | Villager (Male) |
| 29:00 | Build | Lumber Camp |
| 29:33 | Build | Lumber Camp |
| 29:46 | Create | Archer |
| 29:46 | Create | Archer |
| 29:47 | Create | Archer |
| 29:47 | Create | Archer |
| 30:01 | Create | Villager (Male) |
| 30:06 | Research | Bow Saw |
| 30:09 | Create | Villager (Male) |
| 30:09 | Create | Villager (Male) |
| 30:29 | Build | Watch Tower |
| 31:42 | Create | Villager (Male) |
| 31:42 | Create | Villager (Male) |
| 31:55 | Build | Archery Range |
| 32:19 | Build | Watch Tower |
| 32:30 | Build | Mining Camp |
| 32:41 | Create | Archer |
| 32:42 | Create | Archer |
| 34:25 | Build | Town Center |
| 35:06 | Research | Gold Mining |
| 35:31 | Create | Archer |
| 35:32 | Create | Archer |
| 35:32 | Create | Archer |
| 35:32 | Create | Archer |
| 35:32 | Create | Archer |
| 35:33 | Create | Archer |
| 36:16 | Build | Archery Range |
| 36:26 | Build | Lumber Camp |
| 36:27 | Create | Villager (Male) |
| 36:27 | Create | Villager (Male) |
| 36:28 | Create | Villager (Male) |
| 36:28 | Create | Villager (Male) |
| 36:28 | Create | Villager (Male) |
| 37:01 | Create | Archer |
| 37:01 | Create | Archer |
| 37:01 | Create | Archer |
| 37:01 | Create | Archer |
| 37:22 | Create | Archer |
| 37:22 | Create | Archer |
Build order — davidsintana96
First 150 of 243 actions detected
| 0:05 | Build | Town Center |
| 0:36 | Build | House |
| 0:39 | Build | Dock |
| 2:25 | Create | Villager (Male) ×4 |
| 3:57 | Create | Fishing Ship |
| 4:02 | Build | House |
| 4:19 | Create | Villager (Male) |
| 4:52 | Build | Mill |
| 5:24 | Create | Villager (Male) |
| 6:07 | Create | Fishing Ship |
| 6:19 | Create | Villager (Male) |
| 6:47 | Create | Fishing Ship |
| 7:02 | Create | Villager (Male) |
| 7:13 | Build | House |
| 7:31 | Create | Villager (Male) |
| 7:39 | Create | Villager (Male) |
| 8:06 | Create | Fishing Ship |
| 8:29 | Create | Villager (Male) |
| 8:34 | Research | Loom |
| 8:34 | Create | Villager (Male) |
| 8:51 | Create | Fishing Ship |
| 8:53 | Create | Villager (Male) |
| 10:11 | Create | Villager (Male) |
| 10:12 | Create | Villager (Male) |
| 10:46 | Build | House |
| 11:44 | Create | Villager (Male) |
| 11:44 | Create | Villager (Male) |
| 11:44 | Create | Villager (Male) |
| 12:05 | Create | Villager (Male) |
| 12:29 | Build | Mill |
| 12:39 | Build | Mining Camp |
| 12:47 | Research | Feudal Age |
| 15:06 | Create | Villager (Male) |
| 15:15 | Build | House |
| 15:34 | Age | Feudal Age |
| 15:37 | Create | Villager (Male) |
| 15:38 | Create | Villager (Male) |
| 15:50 | Build | Barracks |
| 16:00 | Build | Blacksmith |
| 16:36 | Build | Mining Camp |
| 16:40 | Create | Villager (Male) |
| 16:44 | Build | Stable |
| 16:56 | Create | Villager (Male) |
| 17:23 | Research | Castle Age |
| 19:01 | Research | Stone Mining |
| 19:11 | Build | House |
| 19:13 | Build | House |
| 20:05 | Age | Castle Age |
| 20:19 | Create | Villager (Male) |
| 20:19 | Create | Villager (Male) |
| 20:20 | Create | Villager (Male) |
| 20:20 | Create | Villager (Male) |
| 21:21 | Build | Castle |
| 21:45 | Build | Mining Camp |
| 21:51 | Build | Mining Camp |
| 21:54 | Create | Villager (Male) |
| 21:54 | Create | Villager (Male) |
| 22:10 | Research | Scale Barding Armor |
| 22:22 | Create | Conquistador |
| 22:22 | Create | Conquistador |
| 22:23 | Create | Conquistador |
| 22:55 | Create | Villager (Male) |
| 22:56 | Create | Villager (Male) |
| 23:38 | Create | Conquistador |
| 23:38 | Create | Conquistador |
| 23:39 | Create | Villager (Male) |
| 23:39 | Create | Villager (Male) |
| 24:20 | Create | Villager (Male) |
| 24:22 | Create | Conquistador |
| 24:34 | Build | Mill |
| 24:48 | Create | Villager (Male) |
| 25:10 | Create | Conquistador |
| 25:25 | Create | Villager (Male) |
| 25:29 | Create | Villager (Male) |
| 26:24 | Create | Villager (Male) |
| 26:24 | Create | Villager (Male) |
| 26:25 | Create | Villager (Male) |
| 26:56 | Create | Conquistador |
| 26:56 | Create | Conquistador |
| 27:30 | Build | Castle |
| 28:43 | Create | Villager (Male) |
| 28:44 | Create | Villager (Male) |
| 28:44 | Create | Villager (Male) |
| 28:50 | Research | Fletching |
| 29:10 | Research | Horse Collar |
| 29:28 | Build | Mill |
| 29:35 | Create | Conquistador |
| 29:35 | Create | Conquistador |
| 29:35 | Create | Conquistador |
| 29:36 | Create | Conquistador |
| 29:44 | Create | Villager (Male) |
| 29:45 | Create | Villager (Male) |
| 30:40 | Create | Conquistador |
| 30:40 | Create | Conquistador |
| 30:40 | Create | Conquistador |
| 30:42 | Create | Villager (Male) |
| 30:42 | Create | Villager (Male) |
| 31:19 | Create | Conquistador |
| 31:19 | Create | Conquistador |
| 31:19 | Create | Conquistador |
| 31:21 | Create | Villager (Male) |
| 31:21 | Create | Villager (Male) |
| 31:43 | Create | Villager (Male) |
| 31:43 | Create | Villager (Male) |
| 32:25 | Create | Conquistador |
| 32:30 | Create | Villager (Male) |
| 32:30 | Create | Villager (Male) |
| 32:30 | Create | Villager (Male) |
| 32:44 | Build | Castle |
| 33:03 | Create | Villager (Male) |
| 33:03 | Create | Villager (Male) |
| 34:29 | Research | Heavy Plow |
| 34:31 | Build | Farm |
| 34:38 | Create | Villager (Male) |
| 34:38 | Create | Villager (Male) |
| 34:39 | Create | Villager (Male) |
| 34:50 | Build | Siege Workshop |
| 35:27 | Create | Battering Ram |
| 35:27 | Create | Battering Ram |
| 35:52 | Build | Town Center |
| 36:05 | Build | Farm |
| 36:05 | Build | Farm |
| 36:05 | Build | Farm |
| 36:06 | Build | Farm |
| 36:06 | Build | Farm |
| 36:07 | Build | Farm |
| 36:07 | Build | Farm |
| 36:20 | Create | Conquistador ×5 |
| 36:21 | Create | Conquistador ×3 |
| 37:12 | Create | Villager (Male) |
| 37:12 | Create | Villager (Male) |
| 37:12 | Create | Villager (Male) |
| 37:13 | Create | Villager (Male) |
| 37:30 | Create | Villager (Male) |
| 37:33 | Build | Farm |
| 37:33 | Build | Farm |
| 37:33 | Build | Farm |
| 37:34 | Build | Farm |
| 37:34 | Build | Farm |
| 37:36 | Create | Villager (Male) |
| 37:37 | Create | Villager (Male) |
| 37:40 | Build | Farm |
| 37:40 | Build | Farm |
| 37:40 | Build | Farm |
| 37:48 | Build | Lumber Camp |
| 37:51 | Create | Villager (Male) |
| 37:52 | Create | Villager (Male) |
| 39:45 | Create | Villager (Male) |
| 39:46 | Create | Villager (Male) |
| 39:46 | Create | Villager (Male) |
Build order — Carleo_Intestin
First 150 of 300 actions detected
| 0:11 | Build | Town Center |
| 0:22 | Build | House |
| 1:56 | Build | Dock |
| 2:31 | Create | Villager (Male) |
| 2:31 | Create | Villager (Male) |
| 2:32 | Create | Villager (Male) |
| 2:32 | Create | Villager (Male) |
| 4:09 | Research | Loom |
| 4:10 | Create | Fishing Ship |
| 4:38 | Create | Villager (Male) |
| 5:22 | Create | Villager (Male) |
| 5:22 | Create | Villager (Male) |
| 5:26 | Create | Villager (Male) |
| 5:32 | Build | House |
| 6:11 | Create | Villager (Male) |
| 6:39 | Build | House |
| 6:44 | Create | Villager (Male) |
| 6:44 | Create | Villager (Male) |
| 6:49 | Create | Villager (Male) |
| 6:49 | Create | Villager (Male) |
| 6:50 | Create | Villager (Male) |
| 6:50 | Create | Villager (Male) |
| 7:14 | Create | Fishing Ship |
| 7:27 | Create | Villager (Male) |
| 8:01 | Create | Villager (Male) |
| 8:02 | Create | Villager (Male) |
| 8:10 | Create | Fishing Ship |
| 8:15 | Build | House |
| 8:40 | Create | Fishing Ship |
| 8:44 | Create | Villager (Male) |
| 9:08 | Create | Fishing Ship |
| 9:09 | Create | Villager (Male) |
| 9:20 | Create | Villager (Male) |
| 9:27 | Build | House |
| 10:16 | Create | Fishing Ship |
| 10:16 | Create | Fishing Ship |
| 10:16 | Create | Fishing Ship |
| 10:32 | Create | Villager (Male) |
| 10:42 | Create | Villager (Male) |
| 11:06 | Build | House |
| 11:21 | Create | Villager (Male) |
| 11:58 | Research | Feudal Age |
| 12:18 | Create | Fishing Ship |
| 12:18 | Create | Fishing Ship |
| 13:08 | Build | House |
| 13:17 | Create | Villager (Male) |
| 13:27 | Create | Fishing Ship |
| 13:40 | Build | Barracks |
| 14:08 | Age | Feudal Age |
| 14:15 | Build | Blacksmith |
| 14:21 | Create | Villager (Male) |
| 14:25 | Build | Stable |
| 15:07 | Research | Castle Age |
| 15:31 | Research | Double-Bit Axe |
| 15:33 | Research | Stone Mining |
| 15:33 | Research | Gold Mining |
| 16:21 | Create | Scout Cavalry |
| 16:50 | Create | Scout Cavalry |
| 17:36 | Create | Scout Cavalry |
| 17:47 | Age | Castle Age |
| 17:56 | Create | Villager (Male) |
| 17:57 | Create | Villager (Male) |
| 18:02 | Build | Castle |
| 18:07 | Create | Villager (Male) |
| 18:59 | Build | Town Center |
| 19:03 | Create | Monaspa |
| 19:03 | Create | Monaspa |
| 19:14 | Create | Monaspa |
| 19:24 | Create | Villager (Male) |
| 19:50 | Create | Villager (Male) |
| 20:38 | Create | Scout Cavalry |
| 20:49 | Build | Mill |
| 21:13 | Research | Scale Barding Armor |
| 21:29 | Create | Villager (Male) |
| 21:29 | Create | Villager (Male) |
| 21:43 | Build | Farm |
| 21:43 | Build | Farm |
| 21:43 | Build | Farm |
| 21:43 | Build | Farm |
| 21:44 | Build | Farm |
| 21:44 | Build | Farm |
| 21:44 | Build | Farm |
| 21:45 | Build | Farm |
| 21:45 | Build | Farm |
| 21:45 | Build | Farm |
| 21:46 | Build | Farm |
| 21:46 | Build | Farm |
| 21:46 | Build | Farm |
| 22:18 | Create | Scout Cavalry |
| 22:20 | Create | Villager (Male) |
| 22:44 | Create | Scout Cavalry |
| 22:45 | Create | Scout Cavalry |
| 22:45 | Create | Scout Cavalry |
| 22:53 | Create | Monaspa |
| 22:53 | Create | Monaspa |
| 23:08 | Create | Monaspa |
| 23:09 | Create | Monaspa |
| 23:24 | Research | Forging |
| 23:34 | Create | Villager (Male) |
| 23:36 | Build | Farm |
| 23:37 | Create | Monaspa |
| 23:51 | Create | Villager (Male) |
| 24:03 | Create | Monaspa |
| 24:25 | Create | Villager (Male) |
| 24:25 | Create | Villager (Male) |
| 24:28 | Build | Farm |
| 24:29 | Build | Farm |
| 24:31 | Build | Farm |
| 24:34 | Build | Farm |
| 24:39 | Create | Villager (Male) |
| 25:03 | Create | Monaspa |
| 25:04 | Create | Monaspa |
| 25:27 | Create | Villager (Male) |
| 25:27 | Create | Villager (Male) |
| 25:28 | Create | Monaspa |
| 25:28 | Create | Monaspa |
| 25:40 | Build | Siege Workshop |
| 26:19 | Create | Villager (Male) |
| 26:19 | Create | Villager (Male) |
| 26:19 | Create | Villager (Male) |
| 26:36 | Create | Scorpion |
| 26:36 | Create | Scorpion |
| 26:37 | Create | Scorpion |
| 26:37 | Create | Scorpion |
| 26:39 | Create | Villager (Male) |
| 26:40 | Create | Villager (Male) |
| 26:40 | Create | Villager (Male) |
| 27:37 | Build | Market |
| 27:56 | Build | Farm |
| 28:09 | Build | House |
| 28:16 | Create | Villager (Male) |
| 28:52 | Create | Monaspa |
| 28:53 | Research | Imperial Age |
| 29:06 | Build | House |
| 29:12 | Create | Monaspa |
| 29:12 | Create | Monaspa |
| 29:39 | Build | Mule Cart |
| 29:46 | Build | House |
| 29:57 | Create | Villager (Male) |
| 30:07 | Create | Villager (Male) |
| 30:07 | Create | Villager (Male) |
| 30:07 | Create | Villager (Male) |
| 30:33 | Build | House |
| 30:35 | Build | House |
| 30:36 | Build | House |
| 30:38 | Create | Villager (Male) |
| 30:45 | Build | Farm |
| 30:55 | Build | House |
| 30:56 | Build | House |
| 30:57 | Build | House |
Build order — basstimusic
First 150 of 296 actions detected
| 0:32 | Build | Town Center |
| 1:02 | Build | Dock |
| 1:03 | Build | House |
| 2:52 | Create | Villager (Male) |
| 2:52 | Create | Villager (Male) |
| 2:53 | Create | Villager (Male) |
| 3:14 | Create | Fishing Ship |
| 3:54 | Create | Villager (Male) |
| 4:14 | Create | Villager (Male) |
| 4:19 | Create | Fishing Ship |
| 4:26 | Create | Villager (Male) |
| 4:48 | Build | House |
| 5:06 | Build | House |
| 5:33 | Create | Fishing Ship |
| 5:43 | Create | Villager (Male) |
| 6:06 | Research | Loom |
| 6:08 | Create | Fishing Ship |
| 6:13 | Build | House |
| 6:34 | Create | Villager (Male) |
| 6:38 | Create | Fishing Ship |
| 6:59 | Create | Villager (Male) |
| 7:17 | Create | Fishing Ship |
| 7:37 | Create | Villager (Male) |
| 7:46 | Build | House |
| 7:48 | Create | Villager (Male) |
| 8:09 | Create | Villager (Male) |
| 8:34 | Create | Villager (Male) |
| 8:51 | Create | Villager (Male) |
| 9:06 | Create | Villager (Male) |
| 9:07 | Create | Fishing Ship |
| 9:28 | Build | House |
| 10:13 | Build | Mill |
| 10:17 | Create | Villager (Male) |
| 10:35 | Research | Feudal Age |
| 10:52 | Create | Fishing Ship |
| 11:13 | Build | Mining Camp |
| 11:14 | Create | Villager (Male) |
| 11:55 | Build | House |
| 12:12 | Build | Barracks |
| 12:17 | Create | Villager (Male) |
| 12:42 | Create | Fishing Ship |
| 12:44 | Age | Feudal Age |
| 13:05 | Build | House |
| 13:06 | Build | House |
| 13:32 | Create | Militia |
| 13:33 | Create | Militia |
| 13:33 | Create | Militia |
| 13:54 | Build | Lumber Camp |
| 14:06 | Create | Militia |
| 14:45 | Research | Man-at-Arms (upgrade) |
| 14:48 | Create | Villager (Male) |
| 14:48 | Create | Villager (Male) |
| 14:57 | Build | Dock |
| 15:28 | Build | Market |
| 15:40 | Create | Villager (Male) |
| 15:41 | Create | Villager (Male) |
| 15:46 | Research | Double-Bit Axe |
| 16:08 | Create | Villager (Male) |
| 16:33 | Create | Militia |
| 16:33 | Create | Militia |
| 16:40 | Build | Watch Tower |
| 16:44 | Create | Villager (Male) |
| 16:48 | Build | House |
| 16:50 | Build | House |
| 17:08 | Create | Villager (Male) |
| 17:24 | Create | Villager (Male) |
| 17:32 | Build | House |
| 17:34 | Create | Demolition Raft |
| 17:37 | Create | Fishing Ship |
| 17:37 | Create | Fishing Ship |
| 18:04 | Create | Militia |
| 18:04 | Create | Militia |
| 18:36 | Build | Blacksmith |
| 19:01 | Research | Castle Age |
| 19:08 | Build | Mining Camp |
| 19:22 | Build | Barracks |
| 19:34 | Build | House |
| 19:47 | Create | Villager (Male) |
| 19:55 | Research | Scale Mail Armor |
| 20:22 | Create | Spearman |
| 20:42 | Create | Spearman |
| 21:02 | Create | Spearman |
| 21:14 | Create | Villager (Male) |
| 21:26 | Age | Castle Age |
| 21:39 | Build | Dock |
| 21:48 | Create | Spearman |
| 21:48 | Create | Spearman |
| 22:02 | Create | Villager (Male) |
| 22:03 | Create | Villager (Male) |
| 22:13 | Build | Town Center |
| 22:41 | Create | Villager (Male) |
| 22:44 | Build | House |
| 22:45 | Build | House |
| 22:52 | Research | Tech 906 |
| 22:53 | Create | Fishing Ship |
| 22:54 | Create | Fishing Ship |
| 22:56 | Create | Villager (Male) |
| 23:22 | Research | Pikeman (upgrade) |
| 23:22 | Create | Spearman |
| 23:23 | Create | Spearman |
| 23:36 | Research | Pikeman (upgrade) |
| 23:37 | Create | Spearman |
| 23:45 | Build | House |
| 23:53 | Create | Fishing Ship |
| 23:53 | Create | Fishing Ship |
| 24:09 | Create | Spearman |
| 24:15 | Research | Forging |
| 24:46 | Create | Fishing Ship |
| 24:46 | Create | Fishing Ship |
| 24:46 | Create | Fishing Ship |
| 24:49 | Create | Villager (Male) |
| 24:49 | Create | Villager (Male) |
| 24:54 | Build | Lumber Camp |
| 25:11 | Create | Villager (Male) |
| 25:14 | Create | Villager (Male) |
| 25:15 | Create | Spearman |
| 25:41 | Create | Spearman |
| 25:51 | Build | Farm |
| 25:55 | Create | Villager (Male) |
| 26:27 | Create | Spearman |
| 26:27 | Create | Spearman |
| 26:36 | Create | Villager (Male) |
| 26:37 | Create | Villager (Male) |
| 26:45 | Build | Castle |
| 26:55 | Create | Villager (Male) |
| 26:56 | Create | Villager (Male) |
| 26:56 | Create | Villager (Male) |
| 27:01 | Create | Spearman |
| 27:01 | Create | Spearman |
| 27:12 | Create | Villager (Male) |
| 27:29 | Create | Spearman |
| 27:51 | Build | Siege Workshop |
| 27:58 | Create | Villager (Male) |
| 27:59 | Create | Villager (Male) |
| 27:59 | Create | Villager (Male) |
| 27:59 | Create | Villager (Male) |
| 28:15 | Build | Dock |
| 28:25 | Research | Gillnets |
| 28:26 | Create | Villager (Male) |
| 28:28 | Create | Villager (Male) |
| 28:53 | Create | Villager (Male) |
| 29:05 | Build | Farm |
| 29:05 | Build | Farm |
| 29:06 | Build | Farm |
| 29:17 | Create | Battering Ram |
| 29:23 | Create | Villager (Male) |
| 29:24 | Create | Villager (Male) |
| 29:24 | Create | Villager (Male) |
| 29:40 | Research | Fletching |
| 29:53 | Create | Battering Ram |
Build order — 风中独骑
76 actions detected in the replay
| 0:16 | Build | Town Center |
| 0:28 | Build | House |
| 1:21 | Build | Dock |
| 2:45 | Create | Villager (Male) |
| 2:45 | Create | Villager (Male) |
| 2:45 | Create | Villager (Male) |
| 2:46 | Create | Villager (Male) |
| 2:46 | Create | Villager (Male) |
| 3:43 | Research | Loom |
| 3:43 | Research | Loom |
| 3:47 | Create | Villager (Male) |
| 3:48 | Create | Villager (Male) |
| 3:48 | Create | Villager (Male) |
| 3:48 | Create | Villager (Male) |
| 3:53 | Research | Loom |
| 4:07 | Build | House |
| 4:11 | Create | Villager (Male) |
| 4:11 | Create | Villager (Male) |
| 4:11 | Create | Villager (Male) |
| 4:12 | Create | Villager (Male) |
| 4:52 | Build | House |
| 5:14 | Build | House |
| 5:26 | Create | Villager (Male) |
| 5:26 | Create | Villager (Male) |
| 5:52 | Create | Villager (Male) |
| 5:52 | Create | Villager (Male) |
| 5:52 | Create | Villager (Male) |
| 6:31 | Build | House |
| 7:46 | Build | House |
| 7:51 | Create | Villager (Male) |
| 7:51 | Create | Villager (Male) |
| 7:51 | Create | Villager (Male) |
| 7:58 | Create | Villager (Male) |
| 7:58 | Create | Villager (Male) |
| 8:22 | Create | Villager (Male) |
| 8:22 | Create | Villager (Male) |
| 9:14 | Create | Villager (Male) |
| 9:15 | Create | Villager (Male) |
| 9:15 | Create | Villager (Male) |
| 9:20 | Create | Fishing Ship |
| 9:21 | Create | Fishing Ship |
| 9:37 | Build | Mill |
| 9:57 | Build | House |
| 10:16 | Create | Villager (Male) |
| 10:17 | Create | Villager (Male) |
| 10:32 | Build | House |
| 10:58 | Build | House |
| 11:01 | Create | Fishing Ship |
| 11:15 | Create | Villager (Male) |
| 11:21 | Create | Villager (Male) |
| 11:25 | Build | House |
| 12:12 | Build | House |
| 12:17 | Create | Fishing Ship |
| 12:20 | Research | Feudal Age |
| 12:20 | Research | Feudal Age |
| 13:02 | Build | House |
| 13:24 | Build | Lumber Camp |
| 13:55 | Build | House |
| 14:07 | Build | House |
| 14:25 | Build | Barracks |
| 14:30 | Age | Feudal Age |
| 14:42 | Create | Villager (Male) |
| 14:42 | Create | Villager (Male) |
| 14:57 | Create | Spearman |
| 15:01 | Build | Mining Camp |
| 15:09 | Research | Double-Bit Axe |
| 15:09 | Research | Double-Bit Axe |
| 15:11 | Create | Villager (Male) |
| 15:11 | Create | Villager (Male) |
| 16:03 | Build | Archery Range |
| 16:13 | Build | Palisade Wall |
| 16:31 | Build | Farm |
| 17:07 | Create | Skirmisher |
| 17:07 | Create | Skirmisher |
| 17:14 | Create | Villager (Male) |
| 17:14 | Create | Villager (Male) |
Match timeline
| 0:39 | davidsintana96 · first_building Dock |
| 1:02 | basstimusic · first_building Dock |
| 1:21 | 风中独骑 · first_building Dock |
| 1:45 | heusmeus · first_building Dock |
| 1:56 | Carleo_Intestin · first_building Dock |
| 7:07 | LGee · first_building Dock |
| 12:12 | basstimusic · first_building Barracks |
| 12:41 | heusmeus · wall_segment Palisade Wall x1 |
| 12:44 | basstimusic · age_up feudal |
| 12:54 | heusmeus · first_building Barracks |
| 13:40 | Carleo_Intestin · first_building Barracks |
| 13:43 | heusmeus · wall_segment Palisade Wall x4 |
| 14:05 | heusmeus · age_up feudal |
| 14:08 | Carleo_Intestin · age_up feudal |
| 14:13 | heusmeus · first_building Archery Range |
| 14:25 | Carleo_Intestin · first_building Stable |
| 14:25 | 风中独骑 · first_building Barracks |
| 14:30 | 风中独骑 · age_up feudal |
| 15:34 | davidsintana96 · age_up feudal |
| 15:45 | LGee · age_up feudal |
| 15:50 | davidsintana96 · first_building Barracks |
| 16:03 | 风中独骑 · first_building Archery Range |
| 16:13 | 风中独骑 · wall_segment Palisade Wall x2 |
| 16:31 | basstimusic · first_market_sell 100 food |
| 16:44 | davidsintana96 · first_building Stable |
| 17:47 | Carleo_Intestin · age_up castle |
| 18:02 | Carleo_Intestin · first_building Castle |
| 18:19 | 风中独骑 · resign |
| 18:27 | basstimusic · first_market_buy 100 food |
| 18:45 | heusmeus · wall_segment Palisade Wall x9 |
| 18:47 | heusmeus · wall_segment Palisade Wall x3 |
| 19:05 | LGee · first_building Barracks |
| 19:44 | LGee · first_building Archery Range |
| 20:05 | davidsintana96 · age_up castle |
| 20:54 | LGee · age_up castle |
| 21:21 | davidsintana96 · first_building Castle |
| 21:26 | basstimusic · age_up castle |
| 22:02 | LGee · first_market_sell 100 food |
| 22:04 | LGee · first_market_buy 100 wood |
| 25:40 | Carleo_Intestin · first_building Siege Workshop |
| 25:53 | heusmeus · wall_segment Stone Wall x3 |
| 26:45 | basstimusic · first_building Castle |
| 27:38 | heusmeus · wall_segment Stone Wall x10 |
| 27:51 | basstimusic · first_building Siege Workshop |
| 28:35 | Carleo_Intestin · first_market_sell 500 wood |
| 28:38 | Carleo_Intestin · first_market_buy 100 food |
| 28:55 | heusmeus · first_market_sell 100 wood |
| 29:04 | heusmeus · first_market_buy 100 stone |
| 29:43 | heusmeus · age_up castle |
| 29:47 | heusmeus · first_building Castle |
| 30:27 | heusmeus · first_building Stable |
| 30:46 | heusmeus · first_building Siege Workshop |
| 32:03 | Carleo_Intestin · age_up imperial |
| 34:50 | davidsintana96 · first_building Siege Workshop |
| 37:25 | basstimusic · age_up imperial |
| 40:48 | davidsintana96 · first_building Archery Range |
| 43:25 | heusmeus · age_up imperial |
| 46:17 | LGee · first_building Castle |
[ AI ANALYSIS · 1 CREDIT ]
What really happened in this match?
Wolo.gg analyzes every decision: build order, eco, micro, common mistakes by bracket. Personalized analysis on WhatsApp or Discord in 30 seconds.
Civ guide
Hindustanis
Perfil
heusmeus